 Dungeon Sprint DCSS version 0.22-a0-393-g7f50228948 (webtiles) character file.

8555 Hephaistos the Bludgeoner (level 11, -4/107 HPs)
             Began as a Centaur Berserker on May 3, 2018.
             Was the Champion of Trog.
             Killed by divine providence
             ... invoked by an orc high priest
              (12 damage)
             ... in the Dungeon (Sprint IX: "|||||||||||||||||||||||||||||").
             The game lasted 00:02:34 (1474 turns).

Hephaistos the Bludgeoner (Centaur Berserker)       Turns: 1474, Time: 00:02:34

Health: -4/107     AC: 17    Str: 24    XL:     11   Next: 11%
Magic:  11/11      EV:  9    Int:  8    God:    Trog [******]
Gold:   675        SH:  0    Dex:  6    Spells: 10/10 levels left

rFire    + . .     SeeInvis .   A - +11 dire flail "Qugriel" {crush, +Blink rF+ Str+2 Dex-2}
rCold    . . .     Gourm    .   (shield currently unavailable)
rNeg     . . .     Faith    .   o - +1 chain mail
rPois    .         Spirit   .   z - +0 helmet
rElec    .         Reflect  .   y - +0 cloak
rCorr    .         Harm     .   n - +0 pair of gloves
MR       .....     NoTele   +   (no barding)
Stlth    ..........             (no amulet)
HPRegen  0.27/turn              p - +2 ring of protection
MPRegen  0.12/turn              q - +2 ring of evasion

@: berserk cooldown, very slightly contaminated, slowed
A: large, hooves 3, clever 1, deformed body, speed 2, sense surroundings 1,
tough skin 3, weak 1
a: Berserk, Trog's Hand, Brothers in Arms, Renounce Religion, Evoke Blink


You were in the Dungeon.
You worshipped Trog.
Trog was exalted by your worship.
You were hungry.

You visited 1 branch You collected 675 gold pieces.

Inventory:

Hand Weapons
 m - a +2 morningstar of protection
 r - a +1 scimitar of flaming
 s - the +9 dire flail "Tuomuo" {drain, *Contam rPois rN+++ MR-}
   (Trog gifted it to you in the Dungeon)

   A truly terrible weapon, it drains the life of those it strikes.
   It protects you from poison.
   It renders you almost immune to negative energy.
   It affects your resistance to hostile enchantments.
   It causes magical contamination when unequipped.
 A - the +11 dire flail "Qugriel" (weapon) {crush, +Blink rF+ Str+2 Dex-2}
   (Trog gifted it to you in the Dungeon)

   It inflicts extra damage upon your enemies.
   It affects your strength (+2).
   It affects your dexterity (-2).
   It protects you from fire.
   It lets you blink.
Missiles
 b - 5 silver javelins
 w - 3 javelins of penetration (quivered)
Armour
 n - a +0 pair of gloves (worn)
 o - a +1 chain mail (worn)
 y - a +0 cloak (worn)
 z - a +0 helmet (worn)
Jewellery
 p - a +2 ring of protection (left hand)
 q - a +2 ring of evasion (right hand)
Wands
 l - a wand of iceblast (10)
 x - a wand of paralysis (14)
Scrolls
 i - 5 scrolls of blinking
 k - 4 scrolls of remove curse
 u - 2 scrolls of enchant armour
 v - 2 scrolls of identify
Potions
 d - 6 potions of curing
 e - 7 potions of heal wounds
 f - a potion of haste
 g - 4 potions of magic
 h - a potion of berserk rage
 j - a potion of invisibility
 t - a potion of agility
Comestibles
 a - 4 chunks of flesh
 c - 11 rations


   Skills:
 + Level 13.2 Fighting
 + Level 17.4 Maces & Flails
 + Level 8.8 Armour
 + Level 5.9 Dodging


You had 10 spell levels left.
You didn't know any spells.

Dungeon Overview and Level Annotations

Branches:
Dungeon (1/1)

Altars:
Cheibriados
Dithmenos
Elyvilon
Fedhas
Gozag
Hepliaklqana
Kikubaaqudgha
Makhleb
Nemelex Xobeh
Okawaru
Qazlal
Ru
Sif Muna
Trog
Uskayaw
Vehumet
Wu Jian
Xom
Yredelemnul
Zin
The Shining One
Beogh
Jiyva
Lugonu


Innate Abilities, Weirdness & Mutations

You have hooves in place of feet.
Armour fits poorly on your strangely shaped body.
You cover ground very quickly.
You have extremely tough skin. (AC +3)
Your mind is acute. (Int +2)
You passively map a small area around you.
You are weak. (Str -2)


Message History

Things that are here:
a halberd; a plate armour; 50 gold pieces You impale the orc!!
You kill the orc!
Trog accepts your kill.
You are no longer berserk.
You are exhausted.
You feel yourself slow down.
Things that are here:
a flail; a leather armour; 50 gold pieces Your chain mail prevents you from hitting the orc high priest.
Your kick misses the orc high priest.
The orc warrior hits you from afar with a trident.
* * * LOW HITPOINT WARNING * * *
The orc high priest hits you but does no damage.
You impale the orc high priest!!
The orc high priest is severely wounded.
The orc high priest mumbles some strange prayers to Beogh against you.
Beogh smites you!
You die...

†[..[.)|?.'______________________
▓▓▓▓▓▓▓▓▓▓▓▓▓▓▓▓▓▓▓▓▓▓▓▓▓▓▓▓▓▓▓▓▓
.................................
▓▓▓▓▓▓▓▓▓▓▓▓▓▓▓▓▓▓▓▓▓▓▓▓▓▓▓▓▓▓▓▓▓
...÷.....††).....÷†††)........'..
▓▓▓▓▓▓▓▓▓▓▓▓▓▓▓▓▓▓▓▓▓▓▓▓▓▓▓▓▓▓▓▓▓
.................................
▓▓▓▓▓▓▓▓▓▓▓▓▓▓▓▓▓▓▓▓▓▓▓▓▓▓▓▓▓▓▓▓▓
, ,∩ +..oo@)))))))'.......) ** *
*▓▓▓▓▓▓▓▓▓▓▓▓▓▓▓▓▓▓▓▓▓▓ ,, , , ,
,, * * * , , , , , * ** * **** ,
,,, * * * * , , ,


You could see an orc high priest and an orc warrior.

Vanquished Creatures
  2 hydras (D)
  A centaur warrior (D)
  An orc knight (D)
  An orc sorcerer (D)
  2 spiny frogs (D)
  An efreet (D)
  2 komodo dragons (D)
  4 polar bears (D)
  2 hippogriffs (D)
  A yak (D)
  A wyvern (D)
  An acid dragon (D)
  3 water moccasins (D)
  2 porcupines (D)
  11 orc warriors (D)
  5 black bears (D)
  An ogre (D)
  A crocodile (D)
  4 bullfrogs (D)
  A scorpion (D)
  A wight (D)
  A hound (D)
  3 orc priests (D)
  3 worker ants (D)
  4 orc wizards (D)
  5 orcs (D)
  A hobgoblin (D)
  A jackal (D)
  3 frilled lizards (D)
  A kobold (D)
  A rat (D)
71 creatures vanquished.

Notes
Turn   | Place    | Note
-------+----------+-------------------------------------------
     0 | D        | Hephaistos the Centaur Berserker began the quest for the Orb.
     0 | D        | Reached XP level 1. HP: 19/19 MP: 1/1
     6 | D        | Reached skill level 3 in Maces & Flails
    12 | D        | Reached ** piety under Trog
    20 | D        | Reached skill level 4 in Maces & Flails
   103 | D        | Noticed a worker ant
   103 | D        | Noticed an orc wizard
   103 | D        | Noticed an ogre
   111 | D        | Killed an ogre
   111 | D        | Reached *** piety under Trog
   111 | D        | Reached skill level 8 in Maces & Flails
   111 | D        | Reached XP level 2. HP: 15/26 MP: 2/2
   111 | D        | Reached XP level 3. HP: 17/31 MP: 3/3
   111 | D        | Reached XP level 4. HP: 22/38 MP: 4/4
   119 | D        | Reached skill level 9 in Maces & Flails
   121 | D        | Reached **** piety under Trog
   121 | D        | Reached XP level 5. HP: 14/45 MP: 5/5
   343 | D        | Found a roughly hewn altar of Beogh.
   343 | D        | Found a snail-covered altar of Cheibriados.
   343 | D        | Found a shadowy altar of Dithmenos.
   343 | D        | Found a white marble altar of Elyvilon.
   343 | D        | Found a blossoming altar of Fedhas.
   343 | D        | Found an opulent altar of Gozag.
   344 | D        | Found a hazy altar of Hepliaklqana.
   345 | D        | Found a viscous altar of Jiyva.
   346 | D        | Found an ancient bone altar of Kikubaaqudgha.
   347 | D        | Found a corrupted altar of Lugonu.
   348 | D        | Found a burning altar of Makhleb.
   349 | D        | Found a sparkling altar of Nemelex Xobeh.
   350 | D        | Found an iron altar of Okawaru.
   351 | D        | Found a stormy altar of Qazlal.
   352 | D        | Found a sacrificial altar of Ru.
   353 | D        | Found a deep blue altar of Sif Muna.
   354 | D        | Found a bloodstained altar of Trog.
   355 | D        | Found a hide-covered altar of Uskayaw.
   356 | D        | Found a radiant altar of Vehumet.
   357 | D        | Found an ornate altar of the Wu Jian Council.
   358 | D        | Found a shimmering altar of Xom.
   359 | D        | Found a basalt altar of Yredelemnul.
   360 | D        | Found a glowing silver altar of Zin.
   361 | D        | Found a glowing golden altar of the Shining One.
   408 | D        | Noticed an orc warrior
   408 | D        | Noticed a wyvern
   408 | D        | Noticed a black bear
   412 | D        | Killed a black bear
   412 | D        | Reached skill level 5 in Fighting
   412 | D        | Reached skill level 10 in Maces & Flails
   415 | D        | Killed a wyvern
   415 | D        | Reached skill level 11 in Maces & Flails
   415 | D        | Reached XP level 6. HP: 58/58 MP: 6/6
   416 | D        | Reached ***** piety under Trog
   421 | D        | Killed an orc warrior
   421 | D        | Reached XP level 7. HP: 66/66 MP: 7/7
   424 | D        | Received a gift from Trog
   475 | D        | Noticed a centaur warrior
   475 | D        | Noticed an efreet
   478 | D        | Killed an efreet
   478 | D        | Reached skill level 12 in Maces & Flails
   488 | D        | Received a gift from Trog
   491 | D        | Reached XP level 8. HP: 77/77 MP: 8/8
   495 | D        | Killed a centaur warrior
   495 | D        | Reached skill level 14 in Maces & Flails
   612 | D        | Gained mutation: You are weak. (Str -2) [potion of mutation]
   612 | D        | Gained mutation: Your mind is acute. (Int +2) [potion of mutation]
   612 | D        | Gained mutation: You passively map a small area around you. [potion of mutation]
   613 | D        | Noticed a spiny frog
   613 | D        | Noticed an eight-headed hydra
   623 | D        | Noticed a hippogriff
   624 | D        | Killed an eight-headed hydra
   624 | D        | Reached skill level 10 in Fighting
   624 | D        | Reached XP level 9. HP: 86/86 MP: 9/9
   629 | D        | Received a gift from Trog
   629 | D        | Reached skill level 15 in Maces & Flails
   632 | D        | Killed a spiny frog
   632 | D        | Reached skill level 5 in Armour
   632 | D        | Reached skill level 5 in Dodging
   648 | D        | Noticed a komodo dragon
   656 | D        | Killed a komodo dragon
   668 | D        | Got a fine dire flail {god gift}
   669 | D        | Identified the +9 dire flail "Tuomuo" {drain, *Contam rPois rN+++ MR-} (Trog gifted it to you in the Dungeon)
   880 | D        | Noticed a komodo dragon
   880 | D        | Noticed a spiny frog
   880 | D        | Noticed a seven-headed hydra
   885 | D        | Killed a seven-headed hydra
   885 | D        | Received a gift from Trog
   885 | D        | Reached skill level 16 in Maces & Flails
   885 | D        | Reached XP level 10. HP: 92/97 MP: 10/10
   895 | D        | Killed a spiny frog
   904 | D        | Reached ****** piety under Trog
   966 | D        | Received a gift from Trog
   978 | D        | Reached skill level 17 in Maces & Flails
   987 | D        | Received a gift from Trog
  1179 | D        | Noticed an orc sorcerer
  1186 | D        | Received a gift from Trog
  1195 | D        | Killed an orc sorcerer
  1205 | D        | Received a gift from Trog
  1231 | D        | Got a brightly glowing dire flail {god gift}
  1239 | D        | Identified the +11 dire flail "Qugriel" {crush, +Blink rF+ Str+2 Dex-2} (Trog gifted it to you in the Dungeon)
  1433 | D        | Noticed an orc knight
  1439 | D        | Killed an orc knight
  1439 | D        | Reached XP level 11. HP: 107/107 MP: 11/11
  1456 | D        | Received a gift from Trog
  1457 | D        | Noticed an orc high priest
  1474 | D        | Killed from afar by an orc high priest

Vault maps used:
D:        linesprint

Skill      XL: |  1  2  3  4  5  6  7  8  9 10 |
---------------+-------------------------------+-----
Maces & Flails | 8 9 11 12 14 16 17 | 17.4
Fighting       | 6 7 8 10 11 13 | 13.2
Armour         | 2 3 4 6 8 |  8.8
Dodging        | 2 3 4 5 |  5.9

Action                   |  1- 3 |  4- 6 |  7- 9 | 10-12 || total
-------------------------+-------+-------+-------+-------++-------
Melee: Mace              |    23 |     9 |       |       ||    32
       Kick              |       |     3 |    17 |    27 ||    47
       Morningstar       |       |    11 |    59 |       ||    70
       Dire flail        |       |       |     4 |   101 ||   105
Invok: Berserk           |     1 |     1 |     3 |     3 ||     8
  Use: Potion            |       |       |     1 |       ||     1
  Eat: Chunk             |       |       |     3 |     5 ||     8
Armor: Animal skin       |     5 |       |       |       ||     5
       Chain mail        |       |     4 |    39 |    27 ||    70
Dodge: Dodged            |    10 |     3 |    19 |    20 ||    52

Table legend:
 A = Spawn XP
 B = Non-spawn XP
 C = Spawn XP percentage of total XP
 D = Spawn monster count
 E = Non-spawn monster count
 F = Spawn count percentage of total count
 G = Total turns spent on level
                    A         B        C        D         E        F      G
               +---------+---------+-------+---------+---------+-------+---------
         Total |       0 |   12222 |   0.0 |       0 |      71 |   0.0 |  1474
               +---------+---------+-------+---------+---------+-------+---------
             D |       0 |   12222 |   0.0 |       0 |      71 |   0.0 |  1474
               +---------+---------+-------+---------+---------+-------+---------
